 Dungeon Crawl Stone Soup version 0.20.1-1-g8b1a95d (webtiles) character file.

11 tidbits the Insei (level 2, 0/22 HPs)
             Began as a Demigod Transmuter on Aug 23, 2017.
             Slain by a rat (3 damage)
             ... on level 1 of the Dungeon.
             The game lasted 00:01:33 (157 turns).

tidbits the Insei (Demigod Transmuter)               Turns: 157, Time: 00:01:34

Health: 0/22       AC:  2    Str: 18    XL:     2   Next: 6%
Magic:  7/7        EV: 12    Int: 17    God:
Gold:   33         SH:  0    Dex: 16    Spells: 2/5 levels left

rFire    . . .     SeeInvis .     - Unarmed
rCold    . . .     Gourm    .   (no shield)
rNeg     . . .     Faith    .   b - +0 robe
rPois    .         Spirit   .   (no helmet)
rElec    .         Reflect  .   (no cloak)
rCorr    .         Harm     .   (no gloves)
MR       .....     Rnd*Tele +   (no boots)
Stlth    +.........             (no amulet)
Regen    0.1/turn               h - ring of teleportation (curse)
MPRegen  0.1/turn               (no ring)

@: mighty, appendage (expiring)
A: horns 2, high mp 1
a: End Transformation


You were on level 1 of the Dungeon.
You were not hungry.
You had grown temporary horns.
You visited 1 branch of the dungeon, and saw 1 of its levels.

You collected 33 gold pieces.

Inventory:

Missiles
 a - 12 arrows
 e - 9 poisoned needles
Armour
 b - a +0 robe (worn)
 f - a +2 buckler
Jewellery
 h - a cursed ring of teleportation (left hand)
   (You found it on level 1 of the Dungeon)
Books
 c - a book of Changes

   Spells                             Type                      Level
   a - Beastly Appendage              Transmutation                1
   b - Sticks to Snakes               Transmutation                2
   c - Spider Form                    Transmutation/Poison         3
   d - Ice Form                       Ice/Transmutation            4
   e - Blade Hands                    Transmutation                5
Comestibles
 d - a bread ration


   Skills:
 - Level 0.8 Fighting
 - Level 1.8 Dodging
 + Level 3.0 Unarmed Combat
 - Level 2.0 Spellcasting
 - Level 2.0 Transmutations


You had 2 spell levels left.
You knew the following spells:

 Your Spells              Type           Power        Failure   Level  Hunger
e - Beastly Appendage     Tmut           #.....       9%          1    #......
k - Sticks to Snakes      Tmut           #.......     13%         2    ###....


Dungeon Overview and Level Annotations

Branches:
Dungeon (1/15)


Innate Abilities, Weirdness & Mutations

You have an increased reservoir of magic. (+10% MP)
You have a pair of horns on your head.


Message History

Your Spellcasting skill increases to level 2!
Your Transmutations skill increases to level 2!
A frilled lizard comes into view.
The frilled lizard hisses angrily.
Found 14 gold pieces.
You miss the frilled lizard.
Your transformation is almost over.
You hit the frilled lizard.
The frilled lizard is heavily wounded.
The frilled lizard misses you.
You barely miss the frilled lizard.
The frilled lizard is heavily wounded.
The frilled lizard barely misses you.
You barely miss the frilled lizard.
The frilled lizard is heavily wounded.
The frilled lizard closely misses you.
You hit the frilled lizard.
You kill the frilled lizard!
Found 21 stones.
A jackal comes into view.
You see here a runed buckler.
f - a runed buckler Your horns disappear.
The jackal bites you.
Casting: Beastly Appendage
Confirm with . or Enter, or press ? or * to list all spells.
You grow a pair of large bovine horns.
The jackal bites you. The jackal misses you.
You hit the jackal.
The jackal is lightly wounded.
The jackal closely misses you.
You miss the jackal. Your punch misses the jackal.
The jackal is lightly wounded.
The jackal closely misses you.
You closely miss the jackal.
The jackal is lightly wounded.
The jackal barely misses you. The jackal closely misses you.
You closely miss the jackal.
The jackal is lightly wounded.
The jackal closely misses you.
A jackal comes into view.
You barely miss the jackal.
The jackal is lightly wounded.
The jackal bites you.
* * * LOW HITPOINT WARNING * * *
You hit the jackal but do no damage.
The jackal is lightly wounded.
The jackal bites you but does no damage.
The jackal barely misses you.
You hit the jackal but do no damage. Your headbutt misses the jackal.
The jackal is lightly wounded.
The jackal barely misses you.
You closely miss the jackal.
The jackal is lightly wounded.
The jackal bites you.
* * * LOW HITPOINT WARNING * * *
You closely miss the jackal.
The jackal is lightly wounded.
The jackal closely misses you. x2
It was a potion of might.
You feel very mighty all of a sudden.
Your transformation is almost over.
The jackal bites you.
* * * LOW HITPOINT WARNING * * *
You hit the jackal.
You kill the jackal!
The jackal closely misses you.
You hit the jackal.
You kill the jackal!
A frilled lizard comes into view.
You see here 14 gold pieces.
You now have 33 gold pieces (gained 14).
Your horns disappear.
You closely miss the frilled lizard. The frilled lizard barely misses you.
You miss the frilled lizard. The frilled lizard bites you.
* * * LOW HITPOINT WARNING * * *
You punch the frilled lizard!
You kill the frilled lizard!
You have reached level 2!
Memorise Sticks to Snakes, consuming 2 spell levels and leaving 2?
You start memorising the spell.
You continue memorising. x2
You finish memorising.
Spell assigned to 'k'.
A bat comes into view.
The bat completely misses you.
You barely miss the bat. The bat closely misses you.
The bat closely misses you.
You closely miss the bat. The bat misses you.
Casting: Beastly Appendage
Confirm with . or Enter, or press ? or * to list all spells.
You grow a pair of large bovine horns.
The bat closely misses you. The bat hits you but does no damage.
You see here a jackal corpse.
You barely miss the bat. The bat hits you but does no damage.
You punch the bat!
You kill the bat!
Your Unarmed Combat skill increases to level 3!
Your transformation is almost over.
A rat comes into view.
You closely miss the rat. The rat closely misses you.
You barely miss the rat. The rat bites you.
You die...

####...#†#.##.####.............##
###.....##.#####.....#.....##
###.........##############
#......##..# #...###..# .#
#.#.###..###.#####
.....##...#.......#
..#..###.#.#.......# ####.#
#.#...@.....# #. #.##..r.....# ..
## ##.......# #.......# #.......#
#.......# #########


You could see a rat.

Vanquished Creatures
  A dart slug (D:1)
  A bat (D:1)
  A goblin (D:1)
  A hobgoblin (D:1)
  2 jackals (D:1)
  2 frilled lizards (D:1)
  A kobold (D:1)
9 creatures vanquished.

Notes
Turn   | Place    | Note
-------+----------+-------------------------------------------
     0 | D:1      | tidbits the Demigod Transmuter began the quest for the Orb.
     0 | D:1      | Reached XP level 1. HP: 15/15 MP: 5/5
    91 | D:1      | Reached skill level 2 in Spellcasting
    91 | D:1      | Reached skill level 2 in Transmutations
   127 | D:1      | HP: 1/15 [frilled lizard (2)]
   128 | D:1      | Reached XP level 2. HP: 1/22 MP: 7/7
   132 | D:1      | Learned a level 2 spell: Sticks to Snakes
   145 | D:1      | Reached skill level 3 in Unarmed Combat
   157 | D:1      | Slain by a rat

Skill      XL: |  1  2 |
---------------+-------+-----
Spellcasting   | 2 |  2.0
Transmutations | 2 |  2.0
Unarmed Combat | 3 |  3.0
Fighting       | |  0.8
Dodging        | |  1.8

Action                   || total
-------------------------++-------
Melee: Unarmed           ||    31
       Headbutt          ||     2
 Cast: Beastly Appendage ||     6
  Use: Scroll            ||     1
       Potion            ||     1
 Stab: Sleeping          ||     1
Armor: Robe              ||     3
Dodge: Dodged            ||    22

Table legend:
 A = Turns spent in this place as a percentage of turns spent in the entire game.
 B = Non-inter-level travel turns spent in this place as a percentage of non-inter-level travel turns spent in the entire game.
 C = Inter-level travel turns spent in this place as a percentage of turns spent in this place.
 D = Turns resting spent in this place as a percentage of non-inter-level travel turns spent in this place.
 E = Turns spent auto-exploring this place as a percentage of non-inter-level travel turns spent in this place.
 F = Non-inter-level travel turns spent in this place divided by the number of levels of this place that you've seen.
                   A       B       C       D       E      F
               +-------+-------+-------+-------+-------+----------------------
         Total | 100.0 | 100.0 |   0.0 |   0.0 |   0.0 | 149.0
       Dungeon | 100.0 | 100.0 |   0.0 |   0.0 |   0.0 | 149.0
               +-------+-------+-------+-------+-------+----------------------

Table legend:
 A = Kills in this place as a percentage of kills in entire the game.
 B = Kills by you in this place as a percentage of kills by you in the entire game.
 C = Kills by friends in this place as a percentage of kills by friends in the entire game.
 D = Other kills in this place as a percentage of other kills in the entire game.
 E = Experience gained in this place as a percentage of experience gained in the entire game.
 F = Experience gained in this place divided by the number of levels of this place that you have seen.
                   A       B       C       D       E      F
               +-------+-------+-------+-------+-------+----------------------
         Total | 100.0 | 100.0 |  -nan |  -nan | 100.0 |  17.0
       Dungeon | 100.0 | 100.0 |  -nan |  -nan | 100.0 |  17.0
               +-------+-------+-------+-------+-------+----------------------

Vault maps used:
D:1:      saegor_arrival_simple_c, nemelex_altar_shiori
